cohdb
Replays
Latest Replays
All Replays
Popular Replays
Top Player Replays
Match Explorer
How It Works
Community
CoH3 Stats
Reddit
Sign in to upload your games and track your stats! →
Sign in with Steam
Match 43482285
Unlisted
Match 43482285
Overview
Messages
Build Orders
End
Construct Weapon Support Center
Engineer Squad
M1919 Machine Gun Team
M1919 Machine Gun Team
Sniper
Mortar Pit
Mechanized Support Center
Bazooka Squad
M3 Armored Personnel Carrier
Bazooka Squad
.30 cal Machine Gun
Improved M9 Bazooka Rockets
Mortar Pit
.30 cal Machine Gun
Bazooka Squad
Construct Tank Depot
M4A1 Sherman Medium Tank
M4A1 Sherman Medium Tank
嫂子开门我是我哥
Jeremy
皮皮
JT
PIZZADAYO
Edeon
고라니
Atrol
0
0
Comments
sign in to comment!
No comments posted yet!